 Dungeon Crawl Stone Soup version 0.26.1-11-gd32895ea62 (webtiles) character file.

Game seed: 18019112044964224581

19653 frimble the Frost Mage (level 12, 0/91 HPs)
             Began as a Gnoll Ice Elementalist on July 28, 2021.
             Was the Champion of Cheibriados.
             Slain by a two-headed ogre
             ... wielding a +0 giant spiked club
              (18 damage)
             ... on level 13 of the Dungeon.
             The game lasted 00:27:14 (12764 turns).

frimble the Frost Mage (Gnoll Ice Elementalist)    Turns: 12764, Time: 00:27:25

Health: 0/91       AC: 16    Str: 27    XL:     12   Next: 71%
Magic:  25/25      EV: 22    Int: 36    God:    Cheibriados [******]
Gold:   2158       SH:  0    Dex: 31    Spells: 17/29 levels left

rFire    . . .     SeeInvis .   E - +2 dagger (venom)
rCold    . . .     Faith    .   (no shield)
rNeg     . . .     Spirit   .   w - +1 troll leather armour
rPois    .         Reflect  .   (no helmet)
rElec    .         Harm     .   m - +1 cloak
rCorr    .         Rampage  .   (no gloves)
Will     .....                  (no boots)
Stlth    +++++.....             f - amulet of regeneration
HPRegen  1.05/turn              o - +4 ring of protection
MPRegen  0.19/turn              v - +4 ring of protection

@: about to teleport, very slow
A: distributed training, fangs 1, strong nose
a: Renounce Religion, Bend Time, Temporal Distortion, Slouch, Step From Time


You were on level 13 of the Dungeon.
You worshipped Cheibriados.
Cheibriados was exalted by your worship.
You visited 2 branches of the dungeon, and saw 14 of its levels.
You visited the Abyss 1 time.

You collected 2259 gold pieces.
You spent 101 gold pieces at shops.

Inventory:

Hand Weapons
 E - a +2 dagger of venom (weapon)
Missiles
 g - 65 poisoned darts
Armour
 m - a +1 cloak (worn)
 w - a +1 troll leather armour (worn)
Jewellery
 d - a +6 ring of intelligence
 f - an amulet of regeneration (around neck)
 o - a +4 ring of protection (left hand)
 v - a +4 ring of protection (right hand)
 G - an uncursed ring of flight {unknown}
Wands
 x - a wand of iceblast (22)
 A - a wand of enslavement (4)
 C - a wand of random effects (25)
 D - a wand of acid (18)
 I - a wand of digging (7)
Scrolls
 a - 4 scrolls of fog
 b - 6 scrolls of identify
 e - 2 scrolls of enchant weapon
 i - 3 scrolls of teleportation
 j - 4 scrolls of amnesia
 n - 6 scrolls of fear
 t - 5 scrolls of remove curse
 y - a scroll of blinking
 H - a scroll of enchant armour
 J - a scroll of magic mapping
Potions
 c - 3 potions of might
 h - a potion of mutation {unknown}
 k - 2 potions of invisibility {unknown}
 l - 2 potions of curing
 p - 3 potions of degeneration
 q - 2 potions of brilliance
 s - 3 potions of heal wounds
 z - a potion of attraction {unknown}
 B - a potion of resistance {unknown}
 F - a potion of cancellation {unknown}
 K - a potion of berserk rage {unknown}
Miscellaneous
 r - a phial of floods
 u - a tin of tremorstones (1/2)


   Skills:
 + Level 7.5 Fighting
 + Level 7.5 Short Blades
 + Level 7.5 Long Blades
 + Level 7.5 Axes
 + Level 7.5 Maces & Flails
 + Level 7.5 Polearms
 + Level 7.5 Staves
 + Level 7.5 Slings
 + Level 7.5 Bows
 + Level 7.5 Crossbows
 + Level 7.5 Throwing
 + Level 7.5 Armour
 + Level 8.9 Dodging
 + Level 8.7 Stealth
 + Level 7.5 Shields
 + Level 7.5 Unarmed Combat
 + Level 9.1 Spellcasting
 + Level 6.2 Conjurations
 + Level 6.2 Hexes
 + Level 6.2 Summonings
 + Level 6.2 Necromancy
 + Level 6.2 Translocations
 + Level 6.2 Transmutations
 + Level 6.2 Fire Magic
 + Level 9.5 Ice Magic
 + Level 6.2 Air Magic
 + Level 6.2 Earth Magic
 + Level 6.2 Poison Magic
 + Level 8.3 Invocations
 + Level 7.5 Evocations


You had 17 spell levels left.
You knew the following spells:

 Your Spells              Type           Power        Failure   Level
a - Passwall              Tmut/Erth      48%          1%          2
b - Frozen Ramparts       Ice            100%         1%          3
c - Ozocubu's Armour      Ice            71%          1%          3
d - Summon Lightning Spi  Summ/Air       58%          2%          4

Your spell library contained the following spells:

 Spells                   Type           Power        Failure   Level
 Beastly Appendage        Tmut           100%         1%          1
 Freeze                   Ice            100%         1%          1
 Sandblast                Erth           100%         1%          1
 Summon Small Mammal      Summ           100%         1%          1
 Call Imp                 Summ           58%          1%          2
 Wereblood                Tmut           58%          1%          2
 Call Canine Familiar     Summ           58%          1%          3
 Spider Form              Tmut/Pois      29%          1%          3
 Stone Arrow              Conj/Erth      100%         1%          3
 Summon Guardian Golem    Hex/Summ       58%          1%          3
 Hailstorm                Conj/Ice       65%          1%          4
 Ice Form                 Ice/Tmut       65%          1%          4
 Summon Ice Beast         Ice/Summ       65%          1%          4
 Petrify                  Tmut/Erth      58%          2%          4
 Blade Hands              Tmut           29%          6%          5
 Lee's Rapid Deconstruct  Erth           29%          6%          5


Dungeon Overview and Level Annotations

Branches:
Dungeon (13/15)            Temple (1/1) D:7            Lair (0/6) D:9
    Orc (0/2) D:10
 Vaults: D:13-14

Altars:
Cheibriados
Dithmenos
Elyvilon
Fedhas
Gozag
Hepliaklqana
Okawaru
Ru
Sif Muna
Trog
Uskayaw
Xom
Yredelemnul
Zin

Shops:
D:4 (   D:11 *   D:12 *

Annotations:
D:12 2 transporters, RipUnclePhilFR's ghost, journeyman GrFi


Innate Abilities, Weirdness & Mutations

Your experience applies equally to all skills.
You have very sharp teeth.
Your uncanny sense of smell can sniff out nearby items.


Message History

You hit the eight-headed hydra.
The eight-headed hydra is poisoned.
The eight-headed hydra is moderately wounded.
The wyvern bites you!
The eight-headed hydra completely misses you.
The eight-headed hydra barely misses you.
The eight-headed hydra bites you but does no damage.
The eight-headed hydra completely misses you.
The eight-headed hydra barely misses you. x3
The eight-headed hydra bites you. The wyvern closely misses you.
As you read the scroll of fear, it crumbles to dust.
You assume a fearsome visage.
The eight-headed hydra looks frightened!
The hound looks frightened!
The wyvern looks frightened!
As you read the scroll of teleportation, it crumbles to dust.
You feel strangely unstable.
The boggart mumbles some strange words.
The two-headed ogre hits you with a +0 giant spiked club!!
* * * LOW HITPOINT WARNING * * *
The two-headed ogre hits you with a +0 giant spiked club!!
You die...

# ## #. ###
#}.##.# ∆#..
.h#.#.# #.#
#.#.#.# #.#
#D#.#.##.# ###
#.#.#...#.#..
#O#.##.#.#.# #
#@###.....#.#
#g#..#.###.#.#
#..# ∆ #.#
.)#.†.....# #..#
#l
#######.#####..#
# #....#†...#..#
#.##..)##.#..#
#..(##.#..#
#...###)..#..#
..#..#....#.((#


You could see an eight-headed hydra (fleeing, very poisoned), a two-headed ogre,
a wyvern (fleeing), a boggart and a hound (fleeing).

Vanquished Creatures
  Josephine (D:10)
  Harold (D:10)
  A two-headed ogre (D:12)
  A centaur warrior (D:10)
  A thrashing horror (Abyss:5)
  An unseen horror (D:11)
  2 ugly things (D:12)
  An orc sorcerer (D:11)
  2 manticores (D:12)
  A deep elf mage (D:7)
  A gargoyle (D:11)
  5 trolls
  A hornet (D:13)
  A large abomination (Abyss:4)
  A meliai zombie (D:13)
  A shadow (D:13)
  10 yaks
  3 wraiths (D:10)
  A vampire mosquito (D:13)
  Menkaure (D:7)
  Edmund (D:6)
  17 wargs
  A black bear (D:7)
  13 orc warriors
  7 sky beasts
  An eye of draining (D:10)
  4 ogres
  2 phantoms
  11 centaurs
  A big kobold (D:13)
  Blork the orc (D:6)
  A gnoll sergeant (D:9)
  4 bullfrogs
  2 scorpions
  10 killer bees
  3 wights
  A vampire bat (D:11)
  3 howler monkeys
  A centaur zombie (D:12)
  A quasit (Abyss:1)
  12 hounds
  8 orc priests
  3 jellies
  A bullfrog skeleton (D:6)
  13 orc wizards
  A centaur skeleton (D:9)
  2 iguanas
  8 worker ants
  A howler monkey zombie (D:6)
  A worker ant zombie (D:11)
  7 gnolls
  6 adders
  A shadow imp (D:5)
  2 ufetubi
  3 oozes
  An adder skeleton (D:7)
  An adder zombie (D:3)
  6 worms
  3 dart slugs
  6 leopard geckos
  96 orcs
  4 giant cockroaches
  12 goblins
  5 hobgoblins (D:1)
  31 jackals
  10 kobolds
  5 quokkas
  3 ball pythons (D:3)
  16 bats
  A frilled lizard (D:4)
  A leopard gecko zombie (D:6)
  2 quokka skeletons (D:4)
  3 rats
397 creatures vanquished.

Vanquished Creatures (collateral kills)
  A hydra (D:11)
1 creature vanquished.

Grand Total: 398 creatures vanquished

Notes
Turn   | Place    | Note
-------+----------+-------------------------------------------
     0 | D:1      | frimble the Gnoll Ice Elementalist began the quest for the
                  | Orb.
     0 | D:1      | Reached XP level 1. HP: 13/13 MP: 6/6
   145 | D:1      | Reached XP level 2. HP: 14/19 MP: 3/7
  1028 | D:2      | Reached skill level 5 in Spellcasting
  1028 | D:2      | Reached XP level 3. HP: 25/25 MP: 5/9
  1122 | D:1      | Learned a level 3 spell: Frozen Ramparts
  1205 | D:2      | Reached skill level 1 in Invocations
  1227 | D:2      | Reached skill level 1 in Fighting
  1227 | D:2      | Reached skill level 1 in Short Blades
  1227 | D:2      | Reached skill level 1 in Long Blades
  1227 | D:2      | Reached skill level 1 in Axes
  1227 | D:2      | Reached skill level 1 in Maces & Flails
  1227 | D:2      | Reached skill level 1 in Polearms
  1227 | D:2      | Reached skill level 1 in Staves
  1227 | D:2      | Reached skill level 1 in Slings
  1227 | D:2      | Reached skill level 1 in Bows
  1227 | D:2      | Reached skill level 1 in Crossbows
  1227 | D:2      | Reached skill level 1 in Throwing
  1227 | D:2      | Reached skill level 1 in Armour
  1227 | D:2      | Reached skill level 1 in Shields
  1227 | D:2      | Reached skill level 1 in Unarmed Combat
  1227 | D:2      | Reached skill level 1 in Evocations
  1395 | D:2      | Reached XP level 4. HP: 22/32 MP: 6/11
  2169 | D:2      | Found a sacrificial altar of Ru.
  2250 | D:3      | Noticed a +0 hand axe
  2252 | D:3      | Noticed a +0 dagger
  2264 | D:3      | Reached skill level 1 in Conjurations
  2264 | D:3      | Reached skill level 1 in Hexes
  2264 | D:3      | Reached skill level 1 in Summonings
  2264 | D:3      | Reached skill level 1 in Necromancy
  2264 | D:3      | Reached skill level 1 in Translocations
  2264 | D:3      | Reached skill level 1 in Transmutations
  2264 | D:3      | Reached skill level 1 in Fire Magic
  2264 | D:3      | Reached skill level 1 in Air Magic
  2264 | D:3      | Reached skill level 1 in Earth Magic
  2264 | D:3      | Reached skill level 1 in Poison Magic
  2270 | D:3      | Found an iron altar of Okawaru.
  2413 | D:3      | Found a hide-covered altar of Uskayaw.
  2469 | D:3      | Learned a level 3 spell: Ozocubu's Armour
  2573 | D:3      | Reached XP level 5. HP: 37/37 MP: 12/12
  3125 | D:4      | Found War Zoac's Weapon Boutique.
  3152 | D:4      | Reached XP level 6. HP: 26/44 MP: 13/13
  3235 | D:4      | Found a blossoming altar of Fedhas.
  3248 | D:4      | Reached skill level 5 in Dodging
  3293 | D:4      | Found a blossoming altar of Fedhas.
  3794 | D:4      | Reached XP level 7. HP: 26/50 MP: 11/15
  3935 | D:5      | Entered Level 5 of the Dungeon
  4855 | D:6      | Noticed Blork the orc
  4894 | D:6      | Killed Blork the orc
  4895 | D:6      | Reached skill level 5 in Stealth
  5076 | D:6      | Reached XP level 8. HP: 57/57 MP: 12/16
  5138 | D:6      | Found a shimmering blue altar of Sif Muna.
  5147 | D:6      | Noticed Edmund
  5169 | D:6      | Killed Edmund
  5938 | D:7      | Found a staircase to the Ecumenical Temple.
  5966 | Temple   | Entered the Ecumenical Temple
  6062 | Temple   | Became a worshipper of Cheibriados the Contemplative
  6097 | D:7      | Reached XP level 9. HP: 63/65 MP: 18/18
  6115 | D:7      | Noticed Menkaure
  6291 | D:7      | Noticed a deep elf mage
  6306 | D:7      | Killed a deep elf mage
  6424 | D:7      | Killed Menkaure
  6484 | D:7      | Reached * piety under Cheibriados
  6661 | D:8      | Found a bloodstained altar of Trog.
  6792 | D:8      | Reached skill level 5 in Invocations
  6955 | D:8      | Found an opulent altar of Gozag.
  7163 | D:8      | Reached ** piety under Cheibriados
  7392 | D:9      | Noticed a troll
  7408 | D:9      | Killed a troll
  7409 | D:9      | Reached XP level 10. HP: 18/73 MP: 20/20
  7526 | D:9      | Learned a level 2 spell: Passwall
  7621 | D:9      | You fall into a shaft and drop 2 floors!
  7644 | D:11     | Reached skill level 5 in Fighting
  7644 | D:11     | Reached skill level 5 in Short Blades
  7644 | D:11     | Reached skill level 5 in Long Blades
  7644 | D:11     | Reached skill level 5 in Axes
  7644 | D:11     | Reached skill level 5 in Maces & Flails
  7644 | D:11     | Reached skill level 5 in Polearms
  7644 | D:11     | Reached skill level 5 in Staves
  7644 | D:11     | Reached skill level 5 in Slings
  7644 | D:11     | Reached skill level 5 in Bows
  7644 | D:11     | Reached skill level 5 in Crossbows
  7644 | D:11     | Reached skill level 5 in Throwing
  7644 | D:11     | Reached skill level 5 in Armour
  7644 | D:11     | Reached skill level 5 in Shields
  7644 | D:11     | Reached skill level 5 in Unarmed Combat
  7644 | D:11     | Reached skill level 5 in Evocations
  7688 | D:11     | Noticed a gargoyle
  7716 | D:11     | Killed a gargoyle
  7838 | D:11     | Found a bloodstained altar of Trog.
  7881 | D:11     | Found Cemith's General Store.
  7909 | D:10     | Entered Level 10 of the Dungeon
  7983 | D:10     | Noticed Harold
  8016 | D:10     | Killed Harold
  8167 | D:10     | Reached *** piety under Cheibriados
  8291 | D:10     | Noticed Josephine
  8304 | D:10     | Killed Josephine
  8305 | D:10     | Reached XP level 11. HP: 76/81 MP: 1/22
  8481 | D:10     | Noticed a centaur warrior
  8485 | D:10     | Found a staircase to the Orcish Mines.
  8502 | D:10     | Killed a centaur warrior
  8503 | D:10     | Reached skill level 5 in Conjurations
  8503 | D:10     | Reached skill level 5 in Hexes
  8503 | D:10     | Reached skill level 5 in Summonings
  8503 | D:10     | Reached skill level 5 in Necromancy
  8503 | D:10     | Reached skill level 5 in Translocations
  8503 | D:10     | Reached skill level 5 in Transmutations
  8503 | D:10     | Reached skill level 5 in Fire Magic
  8503 | D:10     | Reached skill level 5 in Air Magic
  8503 | D:10     | Reached skill level 5 in Earth Magic
  8503 | D:10     | Reached skill level 5 in Poison Magic
  8561 | D:9      | Found a basalt altar of Yredelemnul.
  8561 | D:9      | Found a shadowy altar of Dithmenos.
  8561 | D:9      | Found a hazy altar of Hepliaklqana.
  8716 | D:9      | Cast into level 1 of the Abyss (gnoll sergeant)
  8825 | Abyss:1  | Learned a level 4 spell: Summon Lightning Spire
  8870 | Abyss:1  | Noticed a great orb of eyes
  8877 | Abyss:1  | Noticed a spatial maelstrom
  8884 | Abyss:1  | Identified a scroll of acquirement
  8884 | Abyss:1  | Acquired 1160 gold pieces
  8899 | Abyss:1  | HP: 4/81 [spatial maelstrom (18)]
  8968 | Abyss:4  | Noticed a large abomination
  8969 | Abyss:4  | Noticed a green death
  8997 | Abyss:5  | Entered Level 5 of the Abyss
  9002 | Abyss:5  | Noticed a thrashing horror
  9031 | Abyss:5  | Killed a thrashing horror
  9076 | D:9      | Escaped the Abyss
  9080 | D:9      | Reached **** piety under Cheibriados
  9162 | D:9      | Found a staircase to the Lair.
 10362 | D:11     | Noticed an orc sorcerer
 10368 | D:11     | Reached ***** piety under Cheibriados
 10381 | D:11     | Killed an orc sorcerer
 11011 | D:11     | Noticed a six-headed hydra
 11026 | D:11     | Reached XP level 12. HP: 50/89 MP: 14/24
 11026 | D:11     | Killed a six-headed hydra
 11987 | D:12     | Found a transporter.
 12030 | D:12     | Found a transporter.
 12039 | D:12     | Noticed RipUnclePhilFR's ghost (journeyman GrFi)
 12127 | D:12     | Reached ****** piety under Cheibriados
 12201 | D:12     | Noticed a two-headed ogre
 12220 | D:12     | Killed a two-headed ogre
 12401 | D:12     | Found Vuffom's Assorted Antiques.
 12405 | D:12     | Bought a scroll of magic mapping for 101 gold pieces
 12752 | D:13     | Noticed an eight-headed hydra
 12753 | D:13     | Noticed a two-headed ogre
 12764 | D:13     | Slain by a two-headed ogre

Illustrated notes

Levels and vault maps discovered:
D:1:      dpeg_arrival_brainrot, layout_rooms
D:2:      layout_loops_corners, nicolae_ru_the_path_less_chosen
D:3:      minmay_general_purpose_star, layout_basic, dancing_weapons_uskayaw,
          okawaru_gym_becter
D:4:      layout_basic, lemuel_crystal_altar, serial_shops, shop_statue,
          fedhas_altar_fruit_tree
D:5:      layout_loops_ring, nrook_pool_corridor,
          chequers_serial_rivers_small_a, minmay_misc_feat_room, chequers_garden
D:6:      layout_loops_ring, kennysheep_mini_moat, uniq_blork_the_orc,
          uniq_edmund
D:7:      layout_loops_ring, minmay_temple_entry_sparse_star,
          guppyfry_early_elven_hall, uniq_menkaure
D:8:      layout_cave_pools, marbit_many_paths, bloody_trog
D:9:      layout_cave_pods, nicolae_overflow_hidden_temple,
          gammafunk_temple_overflow_claw
D:10:     layout_roguey [special_room_orc], minmay_orc_entry_guard_dogs,
          uniq_josephine, uniq_harold
D:11:     lemuel_castle_with_subvaults [lemuel_castle_interior_carwin_3],
          layout_stronghold, serial_shops, shop, basic_altar, roderic_batcave
D:12:     layout_loops_cross, nzn_ghost_randoct, serial_shops,
          nicolae_shop_behind_doors
D:13:     minmay_the_grid_3x3 [minmay_the_grid_armoury,
          minmay_the_grid_spin_star, minmay_the_grid_square_x,
          minmay_the_grid_slots, minmay_the_grid_holed_spiral,
          minmay_the_grid_stretched_grid, minmay_the_grid_embedded,
          minmay_the_grid_dragon_a,
          minmay_the_grid_prize_four_corners_diamond_b], layout_basic,
          grunt_vaults_entry_fortified, drop_trap
Temple:   minmay_temple_curvy_loop

Skill      XL: |  1  2  3  4  5  6  7  8  9 10 11 12 |
---------------+-------------------------------------+-----
Spellcasting   | 5 6 7 8 9 |  9.1
Invocations    | 1 2 3 4 5 6 7 8 |  8.3
Fighting       | 1 2 3 4 5 6 7 |  7.5
Short Blades   | 1 2 3 4 5 6 7 |  7.5
Long Blades    | 1 2 3 4 5 6 7 |  7.5
Axes           | 1 2 3 4 5 6 7 |  7.5
Maces & Flails | 1 2 3 4 5 6 7 |  7.5
Polearms       | 1 2 3 4 5 6 7 |  7.5
Staves         | 1 2 3 4 5 6 7 |  7.5
Slings         | 1 2 3 4 5 6 7 |  7.5
Bows           | 1 2 3 4 5 6 7 |  7.5
Crossbows      | 1 2 3 4 5 6 7 |  7.5
Throwing       | 1 2 3 4 5 6 7 |  7.5
Armour         | 1 2 3 4 5 6 7 |  7.5
Shields        | 1 2 3 4 5 6 7 |  7.5
Unarmed Combat | 1 2 3 4 5 6 7 |  7.5
Evocations     | 1 2 3 4 5 6 7 |  7.5
Conjurations   | 1 2 3 4 5 6 |  6.2
Hexes          | 1 2 3 4 5 6 |  6.2
Summonings     | 1 2 3 4 5 6 |  6.2
Necromancy     | 1 2 3 4 5 6 |  6.2
Translocations | 1 2 3 4 5 6 |  6.2
Transmutations | 1 2 3 4 5 6 |  6.2
Fire Magic     | 1 2 3 4 5 6 |  6.2
Air Magic      | 1 2 3 4 5 6 |  6.2
Earth Magic    | 1 2 3 4 5 6 |  6.2
Poison Magic   | 1 2 3 4 5 6 |  6.2
Dodging        | 5 6 7 8 |  8.9
Stealth        | 5 6 7 8 |  8.7
Ice Magic      | 8 9 |  9.5

Action                   |  1- 3 |  4- 6 |  7- 9 | 10-12 || total
-------------------------+-------+-------+-------+-------++-------
Melee: Unarmed           |    23 |    18 |       |       ||    41
       Bite              |     1 |    26 |    55 |   200 ||   282
       Dagger            |       |   200 |   455 |   816 ||  1471
       Punch             |       |     2 |    13 |    48 ||    63
 Cast: Freeze            |    35 |     7 |       |       ||    42
       Frozen Ramparts   |     3 |     5 |     4 |    34 ||    46
       Ozocubu's Armour  |       |       |     1 |    16 ||    17
       Passwall          |       |       |       |    16 ||    16
       Summon Lightning  |       |       |       |     1 ||     1
Invok: Slouch            |       |       |       |     1 ||     1
Evoke: Wand              |       |       |     7 |    11 ||    18
       Tin of tremorston |       |       |       |     3 ||     3
  Use: Scroll            |       |       |    18 |    13 ||    31
       Potion            |       |       |       |     2 ||     2
 Stab: Sleeping          |       |    13 |    15 |     9 ||    37
       Distracted        |       |     2 |       |     2 ||     4
Armor: Robe              |     5 |    77 |   126 |       ||   208
       Troll leather arm |       |       |       |   257 ||   257
Dodge: Dodged            |    26 |   157 |   377 |   858 ||  1418
